 Dungeon Crawl Stone Soup version 0.25-a0-766-g0ecfff5982 (webtiles) character file.

Game seed: 9399824592373169063, levelgen mode: deterministic

513 MisterFreud the Ducker (level 7, -11/33 HPs)
             Began as a Felid Skald on Apr 13, 2020.
             Was an Elder of Uskayaw.
             Mangled by an orc warrior
             ... wielding a +0 short sword
              (14 damage)
             ... on level 6 of the Dungeon.
             The game lasted 00:16:43 (5896 turns).

MisterFreud the Ducker (Felid Skald)                Turns: 5896, Time: 00:16:44

Health: -11/33     AC:  2    Str:  8    XL:     7   Next: 0%
Magic:  8/11       EV: 22    Int: 16    God:    Uskayaw [****..]
Gold:   273        SH:  0    Dex: 15    Spells: 4/10 levels left
                                        Lives:  0   Deaths: 2

rFire    . . .     SeeInvis +     - Unarmed
rCold    . . .     Gourm    .   (shield unavailable)
rNeg     . . .     Faith    .   (armour unavailable)
rPois    +         Spirit   .   (helmet unavailable)
rElec    .         Reflect  .   (cloak unavailable)
rCorr    .         Harm     .   (gloves unavailable)
MR       +....                  (boots unavailable)
Stlth    +++.......             h - amulet of magic regeneration
HPRegen  0.11/turn              c - ring of poison resistance
MPRegen  0.37/turn              f - ring of flight

@: quick
A: very small, no armour, no weapons or thrown items, stealth, claws 1, fangs 3,
see invisible, carnivore, speed 1, shaggy fur 2, slow metabolism 1, sharp paws
a: Stomp, Line Pass, Renounce Religion, Evoke Flight


You were on level 6 of the Dungeon.
You worshipped Uskayaw.
Uskayaw was noncommittal.
You were very full.

You visited 2 branches of the dungeon, and saw 7 of its levels.

You collected 273 gold pieces.

Inventory:

Jewellery
 c - a ring of poison resistance (left paw)
 f - a ring of flight (right paw)
 h - an amulet of magic regeneration (around neck)
Scrolls
 a - 4 scrolls of amnesia
 e - a scroll of magic mapping
 g - 3 scrolls of remove curse {unknown}
 i - a scroll of fog {unknown}
 k - a scroll of teleportation {unknown}
 o - 3 scrolls of enchant armour {unknown}
 p - 3 scrolls of fear {unknown}
 t - a scroll of random uselessness {unknown}
 u - 3 scrolls of identify
Potions
 d - 2 potions of stabbing
 j - 2 potions of heal wounds
 l - 3 potions of haste
 m - a potion of might {unknown}
 n - 2 potions of magic
 q - a potion of cancellation {unknown}
 r - a potion of ambrosia {unknown}
 s - a potion of curing {unknown}
 v - a potion of brilliance {unknown}
 w - a potion of flight {unknown}
Comestibles
 b - 11 rations


   Skills:
 + Level 5.1 Fighting
 + Level 7.1 Dodging
 + Level 5.6 Stealth
 + Level 5.0 Unarmed Combat
 - Level 2.0 Spellcasting
 - Level 3.6 Charms


You had 4 spell levels left.
You knew the following spells:

 Your Spells              Type           Power        Failure   Level  Hunger
a - Infusion              Chrm           ##..         4%          1    #......
b - Shroud of Golubria    Chrm/Tloc      #.....       16%         2    ###....
c - Ozocubu's Armour      Chrm/Ice       #.......     30%         3    ###....

Your spell library contained the following spells:

 Spells                   Type           Power        Failure   Level  Hunger
 Song of Slaying          Chrm           ##......     7%          2    ###....
 Spectral Weapon          Hex/Chrm       Unusable     N/A         3    N/A

Dungeon Overview and Level Annotations

Branches:
Dungeon (6/15)             Temple (1/1) D:4

Altars:
Ashenzari
Cheibriados
Dithmenos
Elyvilon
Fedhas
Gozag
Hepliaklqana
Kikubaaqudgha
Makhleb
Nemelex Xobeh
Okawaru
Qazlal
Ru
Sif Muna
Trog
Uskayaw
Vehumet
Wu Jian
Xom
Yredelemnul
The Shining One


Innate Abilities, Weirdness & Mutations

You cannot wear armour.
You are incapable of wielding weapons or throwing items.
Your paws allow you to move quietly. (Stealth)
You have sharp claws.
You have razor-sharp teeth.
You have supernaturally acute eyesight. (SInv)
You are carnivorous and can eat meat at any time.
You cover ground quickly.
You are covered in thick fur. (AC +2)
You have a slow metabolism.
Your sharp claws are effective at attacking unaware monsters.


Message History

You bite the orc warrior, but do no damage.
The orc warrior is lightly wounded.
The orc closely misses you.
You scratch the orc warrior.
The orc warrior is moderately wounded.
The orc warrior misses you. The orc completely misses you.
You closely miss the orc warrior. Your bite misses the orc warrior.
The orc warrior is moderately wounded.
The orc warrior closely misses you. The orc misses you.
You scratch the orc warrior but do no damage.
The orc warrior is moderately wounded.
The orc warrior closely misses you. The orc hits you.
* * * LOW HITPOINT WARNING * * *
You closely miss the orc warrior.
The orc warrior is moderately wounded.
The orc warrior barely misses you. The orc completely misses you.
You closely miss the orc warrior.
The orc warrior is moderately wounded.
The orc warrior hits you with a +0 short sword!
You die...

........# +....
........###### #....
.....o.......# .....
......oo.....# .....
.............# .....
.............# .....
.......?Z....# .....
#########.o...###+#.....
#......@#.............##
#......oo.o...........#.
#.......#.........$...#.
#.......#.............#.
#########......?......##
...................
....................
.....................
.....................


You could see an orc warrior, an orc priest and an orc.

Vanquished Creatures
  A phantom (D:5)
  2 sky beasts
  An ogre (D:4)
  A howler monkey (D:4)
  A crimson imp (D:5)
  2 orc priests
  A hound (D:5)
  A jelly (D:5)
  A centaur skeleton (D:2)
  An iguana (D:4)
  A hell rat (D:5)
  4 worker ants (D:5)
  A worker ant zombie (D:6)
  3 gnolls (D:2)
  6 river rats (D:5)
  4 adders
  An ooze (D:2)
  An adder skeleton (D:4)
  A worm (D:4)
  5 dart slugs
  6 leopard geckos
  19 orcs
  A ball python (D:3)
  10 bats
  2 bat skeletons (D:2)
  6 giant cockroaches
  7 goblins
  5 hobgoblins
  10 jackals
  5 kobolds
  6 frilled lizards
  A giant cockroach zombie (D:2)
  A jackal skeleton (D:4)
  A quokka skeleton (D:4)
  20 rats
139 creatures vanquished.

Vanquished Creatures (others)
  A ball python (D:1)
1 creature vanquished.

Grand Total: 140 creatures vanquished

Notes
Turn   | Place    | Note
-------+----------+-------------------------------------------
     0 | D:1      | MisterFreud the Felid Skald began the quest for the Orb.
     0 | D:1      | Reached XP level 1. HP: 9/9 MP: 4/4
   197 | D:1      | Reached XP level 2. HP: 11/13 MP: 3/6
   201 | D:1      | Learned a level 2 spell: Shroud of Golubria
  1206 | D:1      | Reached XP level 3. HP: 17/17 MP: 3/7
  1883 | D:1      | Learned a level 3 spell: Ozocubu's Armour
  1922 | D:2      | Reached XP level 4. HP: 22/22 MP: 1/8
  2201 | D:2      | Reached skill level 1 in Stealth
  2556 | D:2      | Reached XP level 5. HP: 22/25 MP: 9/9
  2643 | D:2      | Reached skill level 4 in Dodging
  3126 | D:4      | Noticed an ogre
  3144 | D:4      | Killed an ogre
  3447 | D:4      | Gained mutation: You are covered in thick fur. (AC +2)
                  | [Felid growth]
  3447 | D:4      | Reached XP level 6. HP: 18/29 MP: 8/10
  3743 | D:4      | Reached skill level 5 in Dodging
  3805 | D:4      | Found a staircase to the Ecumenical Temple.
  3811 | Temple   | Entered the Ecumenical Temple
  4479 | D:4      | Found a hide-covered altar of Uskayaw.
  4482 | D:4      | Became a worshipper of Uskayaw the Reveler
  4582 | D:5      | Entered Level 5 of the Dungeon
  4662 | D:5      | Reached * piety under Uskayaw
  4693 | D:5      | Reached ** piety under Uskayaw
  4744 | D:5      | Reached XP level 7. HP: 20/33 MP: 6/11
  4775 | D:5      | Reached skill level 6 in Dodging
  5083 | D:5      | Found the +2 ratskin cloak {+Rats rPois rN+ Str-1 Int-1
                  | Dex+1}
  5103 | D:5      | HP: 1/33 [hell rat (15)]
  5103 | D:5      | Mangled by a hell rat
  5104 | D:5      | Reached XP level 6. HP: -6/29 MP: 8/10
  5153 | D:5      | Killed from afar by an orc wizard
  5154 | D:5      | Reached XP level 5. HP: -4/25 MP: 9/9
  5274 | D:5      | Reached *** piety under Uskayaw
  5288 | D:5      | Reached XP level 6. HP: 23/30 MP: 10/10
  5339 | D:5      | Found a glowing golden altar of the Shining One.
  5402 | D:5      | Reached skill level 5 in Stealth
  5482 | D:5      | Found a basalt altar of Yredelemnul.
  5482 | D:5      | Found a hazy altar of Hepliaklqana.
  5654 | D:5      | Reached skill level 5 in Fighting
  5856 | D:6      | Noticed a sky beast
  5861 | D:6      | Noticed an orc warrior
  5878 | D:6      | Killed a sky beast
  5878 | D:6      | Reached skill level 7 in Dodging
  5878 | D:6      | Reached skill level 5 in Unarmed Combat
  5883 | D:6      | Reached XP level 7. HP: 32/33 MP: 3/11
  5884 | D:6      | Reached **** piety under Uskayaw
  5896 | D:6      | Mangled by an orc warrior

Levels and vault maps discovered:
D:1:      tarquinn_simple_flora_water_c, layout_basic, serial_glass,
          glass_columns_a, glass_columns_b, minmay_tall_x
D:2:      wander_river, layout_basic, serial_undead, serial_undead_d,
          serial_undead_c, serial_undead_d, serial_undead_d, minmay_octomino_c4
D:3:      layout_rooms
D:4:      layout_loops_corners, kennysheep_mini, minmay_temple_entry_fiery,
          first_ration
D:5:      wander_guarded_unrand_ratskin, layout_loops_ring,
          nicolae_overflow_hidden_temple, st_stairs_11, tso_metal_star
D:6:      layout_gridville, kennysheep_mini_moat
Temple:   minmay_crystal_spiral_temple

Skill      XL: |  1  2  3  4  5  6  7 |
---------------+----------------------+-----
Fighting       | 3 4 5 |  5.1
Stealth        | 2 3 5 |  5.6
Dodging        | 4 7 6 |  7.1
Unarmed Combat | 3 5 |  5.0
Spellcasting   | |  2.0
Charms         | |  3.6

Action                   |  1- 3 |  4- 6 |  7- 9 || total
-------------------------+-------+-------+-------++-------
Melee: Unarmed           |    99 |   348 |    51 ||   498
       Bite              |    12 |    28 |     4 ||    44
       Punch             |       |     1 |       ||     1
 Cast: Infusion          |    15 |    24 |     2 ||    41
       Shroud of Golubri |     9 |    27 |     3 ||    39
  Use: Scroll            |     3 |     3 |       ||     6
 Stab: Sleeping          |       |     8 |     6 ||    14
       Paralysed         |       |     5 |       ||     5
       Distracted        |       |     3 |       ||     3
  Eat: Chunk             |    10 |    12 |       ||    22
Armor: Skin              |     7 |    15 |     1 ||    23
Dodge: Dodged            |    94 |   309 |    35 ||   438

Table legend:
 A = Non-vault XP
 B = Vault XP
 C = Vault XP percentage of total XP
 D = Non-vault monster count
 E = Vault monster count
 F = Vault count percentage of total count
                 A         B        C        D         E       F
            +---------+---------+-------+---------+---------+-------
      Total |    1090 |     353 |  24.5 |     104 |      35 |  25.2
            +---------+---------+-------+---------+---------+-------
        D:1 |      64 |       6 |   8.6 |      26 |       4 |  13.3
        D:2 |     132 |      18 |  12.0 |      24 |       7 |  22.6
        D:3 |      24 |       0 |   0.0 |      11 |       0 |   0.0
        D:4 |     292 |       0 |   0.0 |      16 |       0 |   0.0
        D:5 |     414 |     329 |  44.3 |      20 |      24 |  54.5
        D:6 |     164 |       0 |   0.0 |       7 |       0 |   0.0
            +---------+---------+-------+---------+---------+-------
